 Dungeon Crawl Stone Soup version 0.16-a0-3153-gc6d0c83 (webtiles) character file.

30 Ololoev the Slasher (level 3, -9/29 HPs)
             Began as a Mummy Chaos Knight on Dec 15, 2014.
             Was a Plaything of Xom.
             Mangled by Sigmund
             ... wielding a +0 scythe
              (12 damage)
             ... on level 2 of the Dungeon.
             The game lasted 00:02:35 (1089 turns).

Ololoev the Slasher (Mummy Chaos Knight)            Turns: 1089, Time: 00:02:35

Health: -9/29      AC:  5    Str: 16    XL:     3   Next: 3%
Magic:  3/3        EV: 11    Int: 11    God:    Xom [...*..]
Gold:   102        SH:  0    Dex: 11    Spells: 0 memorised, 2 levels left

rFire  x . .     SeeInvis .     a - +0 falchion (chaos)
rCold  + . .     Clarity  .     b - +2 leather armour
rNeg   + + +     SustAb   .     (no shield)
rPois  ∞         Gourm    .     (no helmet)
rElec  .         Spirit   .     (no cloak)
rCorr  .         Warding  .     (no gloves)
rMut   .         Stasis   .     (no boots)
MR     .....                    (no amulet)
Stlth  +.........               (no ring)
                                e - ring of wizardry

@: not resistant to hostile enchantments, very unstealthy
A: no food or potions, fire vulnerability, restore body, cold resistance 1,
negative energy resistance 3, poison resistance, torment resistance, unbreathing
a: Renounce Religion


You were on level 2 of the Dungeon.
You worshipped Xom.
You were a favourite toy of Xom.
You were not hungry.

You visited 1 branch of the dungeon, and saw 2 of its levels.

You collected 102 gold pieces.

Notes
Turn   | Place    | Note
--------------------------------------------------------------
     0 | D:1      | Ololoev, the Mummy Chaos Knight, began the quest for the Orb.
     0 | D:1      | Reached XP level 1. HP: 18/18 MP: 1/1
    90 | D:1      | XOM: potion effect (curing)
    92 | D:1      | Reached XP level 2. HP: 24/24 MP: 2/2
   890 | D:2      | Reached XP level 3. HP: 20/29 MP: 3/3
  1061 | D:2      | Noticed Sigmund
  1089 | D:2      | Mangled by Sigmund

Inventory:

Hand weapons
 a - a +0 falchion of chaos (weapon)
Armour
 b - a +2 leather armour (worn)
 d - a +0 scale mail
Jewellery
 e - a ring of wizardry (left hand)
Scrolls
 c - a scroll of remove curse {unknown}
 f - a scroll of fear {unknown}
 g - a scroll of recharging {unknown}
 h - a scroll of enchant armour {unknown}
 i - a scroll of amnesia {unknown}
 j - a scroll of magic mapping {unknown}

Table legend:
 A = Turns spent in this place as a percentage of turns spent in the entire game.
 B = Non-inter-level travel turns spent in this place as a percentage of non-inter-level travel turns spent in the entire game.
 C = Inter-level travel turns spent in this place as a percentage of turns spent in this place.
 D = Turns resting spent in this place as a percentage of non-inter-level travel turns spent in this place.
 E = Turns spent auto-exploring this place as a percentage of non-inter-level travel turns spent in this place.
 F = Non-inter-level travel turns spent in this place divided by the number of levels of this place that you've seen.
                   A       B       C       D       E      F
               +-------+-------+-------+-------+-------+----------------------
         Total | 100.0 | 100.0 |   1.0 |   6.6 |  20.4 |  98.0
       Dungeon | 100.0 | 100.0 |   1.0 |   6.6 |  20.4 |  98.0
               +-------+-------+-------+-------+-------+----------------------


   Skills:
 - Level 3.0 Fighting
 * Level 3.2 Long Blades
 - Level 2.0 Armour
 - Level 0.7 Dodging


You had 2 spell levels left.
You didn't know any spells.

Dungeon Overview and Level Annotations

Branches:
Dungeon (2/15)

Altars:

Annotations:
D:2 Sigmund


Innate Abilities, Weirdness & Mutations

You do not eat or drink.
Your flesh is vulnerable to fire.
Your flesh is cold resistant.
You are immune to negative energy.
Your system is resistant to poisons.
You are immune to unholy pain and torment.
You can survive without breathing.


Message History

j - a scroll labeled DEOQEO JIGES You now have 102 gold pieces (gained 14).
Found a stone staircase leading up.
Found a hand axe.
You see here a hand axe.
Sigmund the Dreaded comes into view.
He is wielding a scythe.
Sigmund shouts!
Found a scroll labeled BLAGROS SHAE.
Sigmund is nearby!
You start waiting.
Something unseen opens the door.
You start waiting.
You start waiting.
Sigmund points at you and mumbles some strange words.
The magic dart hits you!
You close the door.
You start resting.
Sigmund the Dreaded opens the door.
He is wielding a scythe.
Sigmund points at you and mumbles some strange words.
The puff of flame hits you! The fire burns you terribly!
Xom thinks this is hilarious!
There is an open door here.
You hit Sigmund but do no damage.
Sigmund casts a spell.
Sigmund flickers and vanishes!
Deactivating autopickup; reactivate with Ctrl-A.
You closely miss something. Something hits you!
You barely miss something.
You hear some strange, mumbled words.
You are confused.
You're too confused to move!
You hear some strange, mumbled words.
The puff of flame hits you! The fire burns you terribly!
Xom thinks this is hilarious!
There is an open door here.
You miss something. Something hits you but does no damage.
You barely miss something. Something hits you but does no damage.
You feel less confused. Something hits you!
You die...

#.### #.# #.#
#######.###
#.........### ####
###.#.###.....####...
#...)...#............
#.##.##.#.#.#..###...
##.##@##..>.......#...
#....{............#...
#............[........
#................#....
#................#....
#..?.....##########.##
#........# #.##
#........# #..#
#........ ##.#


There were no monsters in sight!

Table legend:
 A = Kills in this place as a percentage of kills in entire the game.
 B = Kills by you in this place as a percentage of kills by you in the entire game.
 C = Kills by friends in this place as a percentage of kills by friends in the entire game.
 D = Other kills in this place as a percentage of other kills in the entire game.
 E = Experience gained in this place as a percentage of experience gained in the entire game.
 F = Experience gained in this place divided by the number of levels of this place that you have seen.
                   A       B       C       D       E      F
               +-------+-------+-------+-------+-------+----------------------
         Total | 100.0 | 100.0 |  -nan |  -nan | 100.0 |  21.5
       Dungeon | 100.0 | 100.0 |  -nan |  -nan | 100.0 |  21.5
               +-------+-------+-------+-------+-------+----------------------

Vanquished Creatures
  A giant mite (D:2)
  A river rat (D:1)
  A giant gecko (D:1)
  4 bats (D:1)
  A goblin (D:1)
  A hobgoblin (D:1)
  2 giant newts (D:1)
  3 kobolds (D:1)
  2 rats (D:1)
16 creatures vanquished.

Action                   || total
-------------------------++-------
Melee: Falchion          ||    47

Vault maps used:
D:1:      matt_arrival_spirals, serial_corexii_hall,
          corexii_hall_statues_deadend, corexii_hall_statues_i, minivault_11
D:2:      nemelex_xobeh_ov_fountains_minmay, uniq_sigmund
